 Dungeon Crawl Stone Soup version 0.27.1-1-g398f81649c (webtiles) character file.

Game seed: 7772730964019293082

22316 funkygono the Destroyer (level 12, -8/64 HPs)
             Began as a Gargoyle Fire Elementalist on Sept 13, 2021.
             Was a Priest of Vehumet.
             Killed from afar by a lindwurm (34 damage)
             ... with a blast of flame
             ... on level 3 of the Lair of Beasts.
             The game lasted 00:36:27 (16674 turns).

funkygono the Destroyer (GrFE)                     Turns: 16674, Time: 00:36:28

Health: -8/64      AC: 18    Str: 12    XL:     12   Next: 99%
Magic:  21/27      EV: 16    Int: 21    God:    Vehumet [***...]
Gold:   762        SH:  0    Dex: 10    Spells: 7/34 levels left

rFire    . . .     SeeInvis .   y - +4 morningstar
rCold    . . .     Faith    .   (no shield)
rNeg     + . .     Spirit   .   a - +1 robe
rPois    ∞         Reflect  .   (no helmet)
rElec    +         Harm     .   u - +2 cloak
rCorr    .         Rampage  .   I - +1 pair of gloves
Will     .....                  l - +1 pair of boots
Stlth    ++........             k - amulet of magic regeneration
HPRegen  0.20/turn              A - +4 ring of evasion
MPRegen  0.45/turn              d - ring of wizardry

@: no status effects
A: sickness immunity, AC +8, negative energy resistance 1, electricity
resistance, torment resistance 1, petrification resistance
a: Renounce Religion


You were on level 3 of the Lair of Beasts.
You worshipped Vehumet.
Vehumet was most pleased with you.
You visited 3 branches of the dungeon, and saw 15 of its levels.
You also visited: Sewer.

You collected 762 gold pieces.

Inventory:

Hand Weapons
 c - the +0 mace of the Fray {elec, rF+}
   (You found it on level 5 of the Dungeon)

   It occasionally discharges a powerful burst of electricity upon striking a
   foe.
   rF:        It protects you from fire.
 y - a +4 morningstar (weapon)
 C - a +2 whip of venom
Armour
 a - a +1 robe (worn)
 l - a +1 pair of boots (worn)
 q - a +0 leather armour of positive energy
 u - a +2 cloak (worn)
 I - a +1 pair of gloves (worn)
Jewellery
 d - a ring of wizardry (right hand)
 k - an amulet of magic regeneration (around neck)
 A - a +4 ring of evasion (left hand)
Wands
 e - a wand of digging (5)
 r - a wand of iceblast (11)
 E - a wand of flame (17)
Scrolls
 b - 4 scrolls of teleportation
 n - 2 scrolls of amnesia
 o - 2 scrolls of blinking
Potions
 f - 2 potions of ambrosia
 g - 3 potions of flight
 h - a potion of resistance
 i - 5 potions of heal wounds
 j - 5 potions of invisibility
 m - 3 potions of brilliance
 p - a potion of magic
 s - a potion of haste
 t - a potion of mutation
 B - 3 potions of lignification
 D - 3 potions of cancellation
 F - 3 potions of curing
 G - a potion of might {unknown}


   Skills:
 + Level 3.0 Fighting
 + Level 4.6 Maces & Flails
 + Level 3.7 Dodging
 - Level 2.1 Stealth
 * Level 11.7 Spellcasting
 * Level 11.8 Conjurations
 * Level 10.1 Fire Magic
 * Level 7.0 Earth Magic


You had 7 spell levels left.
You knew the following spells:

 Your Spells              Type           Power      Damage    Failure   Level
a - Foxfire               Conj/Fire      100%       2x1d9     1%          1
b - Conjure Flame         Conj/Fire      55%        6-21      1%          3
c - Sticky Flame          Conj/Fire      55%        2d7       1%          4
d - Fireball              Conj/Fire      27%        3d12      1%          5
e - Starburst             Conj/Fire      27%        6d9       1%          6
f - Bolt of Magma         Conj/Fire/Erth 26%        4d12      1%          5
j - Stone Arrow           Conj/Erth      100%       3d13      1%          3

Your spell library contained the following spells:

 Spells                   Type           Power      Damage    Failure   Level
 Hailstorm                Conj/Ice       37%        3d9       1%          4
 Dazzling Flash           Conj/Hex       74%        N/A       1%          3
 Ignite Poison            Fire/Tmut/Pois 26%        N/A       1%          3
 Inner Flame              Hex/Fire       33%        N/A       1%          3
 Mephitic Cloud           Conj/Pois/Air  28%        N/A       1%          3
 Iskenderun's Mystic Bla  Conj/Tloc      37%        2d9       1%          4
 Pain                     Necr           48%        1d6       2%          1
 Slow                     Hex            12%        N/A       3%          2
 Leda's Liquefaction      Hex/Erth       13%        N/A       5%          4
 Call Canine Familiar     Summ           12%        N/A       6%          3
 Confusing Touch          Hex            12%        N/A       6%          3
 Portal Projectile        Hex/Tloc       24%        N/A       6%          3
 Vampiric Draining        Necr           6%         2d6       6%          3
 Agony                    Necr           12%        N/A       50%         5
 Excruciating Wounds      Necr           6%         N/A       50%         5
 Shatter                  Erth           21%        3d19*     100%        9


Dungeon Overview and Level Annotations

Branches:
Dungeon (11/15)            Temple (1/1) D:5            Lair (3/6) D:10
  Swamp (0/4) Lair:2        Snake (0/4) Lair:2        Sewer (visited)
    Orc: D:9-12

Altars:
Ashenzari
Cheibriados
Dithmenos
Elyvilon
Fedhas
Gozag
Hepliaklqana
Kikubaaqudgha
Makhleb
Nemelex Xobeh
Okawaru
Qazlal
Ru
Sif Muna
Trog
Uskayaw
Vehumet
Wu Jian
Xom
Yredelemnul
Zin
The Shining One

Shops:
D:7 (


Innate Abilities, Weirdness & Mutations

You are immune to sickness and miasma.
Your stone body is resilient. (AC +8)
You are immune to poison.
You resist negative energy. (rN+)
You are resistant to electric shocks. (rElec)
You are resistant to unholy torment.
You are immune to petrification.


Message History

Okay, then.
The foxfire hits the lindwurm.
The lindwurm is moderately wounded.
The foxfire hits the lindwurm.
The lindwurm is moderately wounded.
The lindwurm breathes flames at you. The blast of flame hits you!
Casting: Foxfire (safe; 1% risk of failure)
Confirm with . or Enter, or press ? or * to list all spells.
You can't see any susceptible monsters within range! (Use Z to cast anyway.) Unknown command.
Casting: Foxfire (safe; 1% risk of failure)
Confirm with . or Enter, or press ? or * to list all spells.
You can't see any susceptible monsters within range! (Use Z to cast anyway.) Unknown command.
Found a scroll labelled MEGOUX TAEDD.
Casting: Foxfire (safe; 1% risk of failure)
Confirm with . or Enter, or press ? or * to list all spells.
You don't know that spell.
Unknown command.
Casting: Foxfire (safe; 1% risk of failure)
Confirm with . or Enter, or press ? or * to list all spells.
Aiming: Stone Arrow (safe; 1% risk of failure)
Press: ? - help, Shift-Dir - straight line, f - lindwurm
Aim: a lindwurm (89% to hit)
The stone arrow hits the lindwurm!
The lindwurm is moderately wounded.
The lindwurm breathes flames at you. The blast of flame hits you!!
Casting: Stone Arrow (safe; 1% risk of failure)
Confirm with . or Enter, or press ? or * to list all spells.
Aiming: Stone Arrow (safe; 1% risk of failure)
Press: ? - help, Shift-Dir - straight line, f/p - lindwurm
Aim: a lindwurm (moderately wounded, 89% to hit)
The stone arrow hits the lindwurm!
The lindwurm is heavily wounded.
The lindwurm breathes flames at you. The blast of flame hits you!!
Ouch! That really hurt!
You die...

..#..#.........
..#..........
............ #..........
#P ###........#######...
#...<......##........
##.................≈≈
###...#...........≈≈≈≈≈
#P...##(#......@≈≈§≈≈≈§
##..#.###....§§≈§≈§≈≈≈§
##...######...§≈≈≈≈§≈≈≈§
#..####.P##..§§§§≈≈≈≈...
....###...##§.§≈≈≈§kk.##
.#P......#.#..≈≈≈≈§kk##
..............§≈≈≈..#.:
..........#..≈§≈≈≈.##?=
.............≈≈§≈≈.#


You could see 4 lindwurms.

Vanquished Creatures
  5 hydras (Lair:2)
  A catoblepas (Lair:2)
  6 two-headed ogres
  A fire crab (shapeshifter) (D:11)
  2 bog bodies (Lair:2)
  An ugly thing (D:11)
  An elephant (D:10)
  6 cane toads
  2 komodo dragons
  12 blink frogs
  A wraith (D:7)
  A vampire (D:11)
  3 wyverns
  5 yaks (D:9)
  Eustachio (D:4)
  A basilisk (D:10)
  2 steam dragons
  A naga (Lair:2)
  8 water moccasins
  3 orc warriors
  3 necrophages
  An ice beast (D:7)
  3 black bears
  A hornet zombie (D:9)
  2 ogres
  3 centaurs
  8 kobold brigands
  3 gnoll sergeants
  7 bullfrogs
  2 scorpions
  5 killer bees (D:8)
  4 wights
  3 howler monkeys
  7 centaur zombies
  An orc priest (D:5)
  Crazy Yiuf (D:3)
  A gnoll shaman (D:9)
  3 hounds
  2 bullfrog skeletons
  3 centaur skeletons
  2 iguanas
  3 orc wizards
  2 killer bee zombies (D:6)
  A howler monkey zombie (D:9)
  25 gnolls
  A howler monkey skeleton (D:7)
  7 adders
  2 white imps
  An ufetubus (D:5)
  An adder skeleton (D:5)
  A worm (D:5)
  4 dart slugs
  23 orcs
  5 endoplasms
  7 giant cockroaches
  7 hobgoblins
  6 jackals
  31 kobolds
  5 quokkas
  11 ball pythons
  5 bats
  9 frilled lizards
  13 goblins
  10 rats
308 creatures vanquished.

Vanquished Creatures (collateral kills)
  16 foxfires
16 creatures vanquished.

Vanquished Creatures (others)
  1097 foxfires
  13 fungi
  7 plants
1117 creatures vanquished.

Grand Total: 1441 creatures vanquished

Notes
Turn   | Place    | Note
-------+----------+-------------------------------------------
     0 | D:1      | funkygono the Gargoyle Fire Elementalist began the quest
                  | for the Orb.
     0 | D:1      | Reached XP level 1. HP: 10/10 MP: 3/3
   111 | D:1      | Reached XP level 2. HP: 15/15 MP: 0/5
   776 | D:1      | Reached XP level 3. HP: 14/19 MP: 2/6
   863 | D:1      | Learned a level 3 spell: Conjure Flame
  1859 | D:2      | Reached XP level 4. HP: 24/24 MP: 3/8
  2306 | D:2      | Learned a level 4 spell: Sticky Flame
  2344 | D:3      | Reached XP level 5. HP: 28/28 MP: 7/9
  2983 | D:3      | Found a runed translucent door.
  2984 | D:3      | Noticed Crazy Yiuf
  3199 | D:3      | Found a faded altar of an unknown god.
  3428 | D:4      | Found a hazy altar of Hepliaklqana.
  3482 | D:4      | Noticed an ogre
  3879 | D:4      | Killed an ogre
  3880 | D:4      | Reached XP level 6. HP: 33/33 MP: 5/11
  4217 | D:4      | Noticed Eustachio
  4251 | D:4      | Killed Eustachio
  4252 | D:4      | Reached skill level 5 in Fire Magic
  4252 | D:4      | Reached XP level 7. HP: 31/37 MP: 5/13
  4261 | D:4      | Learned a level 5 spell: Fireball
  4328 | D:4      | Noticed a +0 spear
  4328 | D:4      | Noticed a +0 short sword
  4329 | D:4      | Noticed a +0 spear
  4330 | D:4      | Noticed a +0 falchion
  4330 | D:4      | Noticed a +0 short sword
  4331 | D:4      | Noticed a +0 dagger
  4331 | D:4      | Noticed a +0 dagger
  4332 | D:4      | Noticed a +0 falchion
  4340 | D:4      | Found a hide-covered altar of Uskayaw.
  4555 | D:5      | Entered Level 5 of the Dungeon
  4578 | D:5      | Identified the +0 mace of the Fray {elec, rF+}
  4765 | D:5      | Found a glowing drain.
  4769 | Sewer    | Entered a sewer
  4839 | Sewer    | Reached skill level 1 in Maces & Flails
  5526 | Sewer    | Reached skill level 1 in Fighting
  5526 | Sewer    | Reached skill level 5 in Spellcasting
  5526 | Sewer    | Reached skill level 5 in Conjurations
  5526 | Sewer    | Reached XP level 8. HP: 23/43 MP: 9/15
  5977 | D:3      | Killed Crazy Yiuf
  6252 | D:5      | Found a staircase to the Ecumenical Temple.
  6379 | D:5      | Found an ancient bone altar of Kikubaaqudgha.
  6439 | D:5      | Found a stormy altar of Qazlal.
  6948 | D:5      | Identified a scroll of acquirement
  6948 | D:5      | Acquired a book of Spectacle
  7571 | D:6      | Reached XP level 9. HP: 46/47 MP: 18/18
  7614 | D:6      | Learned a level 6 spell: Starburst
  8496 | Temple   | Entered the Ecumenical Temple
  8528 | Temple   | Became a worshipper of Vehumet
  8648 | D:6      | Acquired a book of the Earth
  9172 | D:7      | Found Rudus's Weapon Boutique.
  9373 | D:7      | Learned a level 3 spell: Stone Arrow
  9441 | D:8      | Reached * piety under Vehumet
  9441 | D:8      | Offered knowledge of Sandblast by Vehumet.
 10077 | D:8      | Reached skill level 1 in Earth Magic
 10357 | D:8      | Reached XP level 10. HP: 53/53 MP: 17/21
 10404 | D:8      | Found a burning altar of Makhleb.
 10898 | D:9      | Noticed a two-headed ogre
 10904 | D:9      | Killed a two-headed ogre
 10916 | D:9      | Reached ** piety under Vehumet
 10916 | D:9      | Offered knowledge of Searing Ray by Vehumet.
 11272 | D:9      | Found a broken altar of Ashenzari.
 11304 | D:9      | Found an ornate altar of the Wu Jian Council.
 11343 | D:9      | Noticed a two-headed ogre
 11351 | D:9      | Killed a two-headed ogre
 11673 | D:9      | Noticed a two-headed ogre
 11683 | D:9      | Killed a two-headed ogre
 11759 | D:9      | Reached XP level 11. HP: 41/58 MP: 11/24
 12016 | D:9      | Learned a level 5 spell: Bolt of Magma
 12019 | D:10     | Entered Level 10 of the Dungeon
 12052 | D:10     | Offered knowledge of Ignite Poison by Vehumet.
 12184 | D:10     | Found a staircase to the Lair.
 12583 | D:10     | You fall into a shaft and drop 1 floor!
 12602 | D:11     | Noticed a fire crab
 12609 | D:11     | Killed a fire crab
 12746 | D:11     | Noticed a two-headed ogre
 12753 | D:11     | Killed a two-headed ogre
 12754 | D:11     | Reached skill level 10 in Spellcasting
 12853 | D:11     | Noticed a two-headed ogre
 12859 | D:11     | Killed a two-headed ogre
 13013 | D:11     | Noticed a green ugly thing
 13021 | D:11     | Killed a green ugly thing
 13022 | D:11     | Reached skill level 10 in Conjurations
 13323 | D:11     | Noticed a two-headed ogre
 13331 | D:11     | Killed a two-headed ogre
 13332 | D:11     | Reached skill level 5 in Earth Magic
 14184 | Lair:1   | Entered Level 1 of the Lair of Beasts
 14432 | Lair:1   | Reached *** piety under Vehumet
 14598 | Lair:1   | Reached XP level 12. HP: 64/64 MP: 20/26
 15144 | Lair:2   | Noticed a seven-headed hydra
 15155 | Lair:2   | Killed a seven-headed hydra
 15155 | Lair:2   | Offered knowledge of Hailstorm by Vehumet.
 15265 | Lair:2   | Found a staircase to the Snake Pit.
 15293 | Lair:2   | Noticed a catoblepas
 15301 | Lair:2   | Noticed a five-headed hydra
 15318 | Lair:2   | Killed a catoblepas
 15331 | Lair:2   | Killed a five-headed hydra
 15886 | Lair:2   | Found a staircase to the Swamp.
 15967 | Lair:2   | Noticed an eight-headed hydra
 15967 | Lair:2   | Noticed an eight-headed hydra
 16084 | Lair:2   | Killed an eight-headed hydra
 16085 | Lair:2   | Reached skill level 10 in Fire Magic
 16089 | Lair:2   | Killed an eight-headed hydra
 16205 | Lair:2   | Noticed a five-headed hydra
 16212 | Lair:2   | Killed a five-headed hydra
 16674 | Lair:3   | Killed from afar by a lindwurm

Illustrated notes

Levels and vault maps discovered:
D:1:      zelgadis_glass_arrival_small, layout_basic
D:2:      layout_rooms
D:3:      layout_basic, hellmonk_ecumenical_altar_inner_sanctum, minmay_between,
          uniq_crazy_yiuf_cottage
D:4:      layout_basic, mainiacjoe_overflow_catwalk, nicolae_uskayaw_en_pointe,
          minmay_misc_feat_iff, uniq_eustachio
D:5:      layout_loops_ring, kiku_gazebo_pond_becter, lemuel_round_altar,
          minmay_temple_entry_from_below_b, gup_sewer_entry_spiral,
          amethyst_killhole
D:6:      layout_basic, roderic_filled_cross, minmay_misc_feat_encased,
          chequers_serial_rivers_micro_e, mrwooster_statue_mirror,
          hangedman_decor_clover_reticule
D:7:      layout_loops_ring, serial_shops, shop, hangedman_decor_slide_cut
D:8:      layout_basic, lightli_temple_of_fire
D:9:      kennysheep_spiral_hall, layout_loops_ring,
          ashenzari_conservatory_becter, kennysheep_little_box, enter_bailey_5
D:10:     layout_roguey, david_lair_generic
D:11:     layout_stronghold
Temple:   regret_index_temple_waves
Lair:1:   layout_chaotic_city, chequers_serial_rivers_micro_b
Lair:2:   layout_loops_ring, skrybe_swamp_entry_bodies,
          guppyfry_snake_entry_garden, nicolae_volcano_entry_s_turn,
          patterned_corridor
Lair:3:   layout_cave_pods, minmay_lindwurm_lava

Skill      XL: |  1  2  3  4  5  6  7  8  9 10 11 12 |
---------------+-------------------------------------+-----
Conjurations   | 2 3 4 5 6 7 9 10 11 | 11.8
Spellcasting   | 3 4 5 6 7 9 10 11 | 11.7
Fire Magic     | 4 5 6 7 8 9 10 | 10.1
Dodging        | 2 3 |  3.7
Maces & Flails | 1 2 3 4 |  4.6
Fighting       | 1 2 3 |  3.0
Earth Magic    | 1 3 5 7 |  7.0
Stealth        | |  2.1

Action                   |  1- 3 |  4- 6 |  7- 9 | 10-12 || total
-------------------------+-------+-------+-------+-------++-------
Melee: Club              |     7 |       |       |       ||     7
       Whip              |       |    24 |     2 |       ||    26
       Mace              |       |       |   104 |       ||   104
       Morningstar       |       |       |       |    71 ||    71
 Cast: Foxfire           |    72 |   125 |   242 |   219 ||   658
       Sticky Flame      |       |       |     9 |    17 ||    26
       Stone Arrow       |       |       |    13 |   114 ||   127
       Conjure Flame     |       |       |     1 |     2 ||     3
       Bolt of Magma     |       |       |       |    17 ||    17
       Fireball          |       |       |       |     1 ||     1
  Use: Scroll            |       |     7 |     9 |    12 ||    28
       Potion            |       |       |     4 |       ||     4
Armor: Robe              |    21 |    32 |    91 |    71 ||   215
Dodge: Dodged            |    34 |    50 |   205 |   128 ||   417
